Unix NetHack Version 3.7.0-89 Work-in-progress - last build Sep 7 2023 15:16:41 (8494bff02b67719303c47e298deaa89034127798,branch:master). Game began 2023-09-10 16:46:15, ended 2023-09-19 17:34:52. spontiff, neutral female gnomish Healer ------------------- ..........%%%............. .........----%----.%........ ...........--...%?..--.......... ...........--....%....--.......... ----- ...........|.......... |........... ----- ...| -...--------........ -------...- |... 5 1 ---------..-- ----.--- -.%.%... --.---- --.1--------- |.......|...-- --%...... -----%----- ......-- --%..|.......| |.......|....---........ ---.%.%.....--- .......---.111|A.@....| |..._../.......)....... |......%(.....| ..AAH%.%xa!H%V...@.B.|5 |.......|..%.---...... |. ----%---- .| .....---15.1|..@..A.| |.......|...-- --.... | |.......| | ..-- --1..|.......| 4 ---------..-- - |.......| - --.5--------- ...| |(.._...| |..... ----- |.......| ------- |.......| --------- Spontiff the Medica ossium St:18/50 Dx:18 Co:18 In:10 Wi:18 Ch:18 Neutral S:1374134 Astral Plane $:2 HP:34(158) Pw:23(151) AC:-40 Xp:17/702412 T:55845 Latest messages: You hear a mumbled curse. You hear a mumbled curse. You hear a mumbled curse. The Angel of Moloch points at you, then curses. You destroy the flesh golem! The giant ant misses! The high priest intones: "Pilgrim, you enter a sacred place!" The vampire turns to flee. The renegade Angel of Hermes points at you, then curses. The Angel of Athena swings her long sword. The Angel of Athena hits! The Angel of Athena swings her long sword. The Angel of Athena hits again! The Angel of Athena hits! The Angel of Athena points at you, then curses. You hear a mumbled curse. The renegade Angel of Hermes points at you, then curses. The storm giant picks up a cursed mace. The renegade Angel of Hermes points at you, then curses. "Look! Thy bootlace is undone!" The priestess of Athena turns to flee. The storm giant puts on a small shield. The renegade Angel of Hermes points at you, then curses. The Angel of Athena points at you, then curses. What do you want to use or apply? [cfjkostzB-DFIM-QSTXZ or ?*] s In what direction? k You hear nothing special. What do you want to use or apply? [cfjkostzB-DFIM-QSTXZ or ?*] s In what direction? h Status of the priestess of Athena (lawful, medium): Level 18 HP 82(82) AC 7, scared. What do you want to use or apply? [cfjkostzB-DFIM-QSTXZ or ?*] f You put 165 gold pieces into the bag of holding. The storm giant picks up a wand of magic missile. The renegade Angel of Hermes points at you, then curses. "Mercy! Dost thou wish me to die of laughter?" You hear a mumbled curse. What do you want to use or apply? [cfjkostzB-DFIM-QSTXZ or ?*] s In what direction? y Status of the priestess of Athena (lawful, medium): Level 18 HP 82(82) AC 7, scared. Talk to whom? (in what direction) b The high priest of Hermes gives you two bits for an ale. What do you want to sacrifice? [Y or ?*] ? You offer the Amulet of Yendor to Hermes... An invisible choir sings, and you are bathed in radiance... The voice of Hermes thunders: "Mortal, thou hast done well!" "In return for thy service, I grant thee the gift of Immortality!" You ascend to the status of Demigoddess... Do you want your possessions identified? [ynq] (y) y Do you want to see the dungeon overview? [ynq] (y) y Inventory: Coins $ - 2 gold pieces Amulets A - an uncursed amulet of reflection (being worn) Weapons W - an uncursed +0 athame b - the blessed fireproof +5 Staff of Aesculapius (alternate weapon; not wielded) a - the blessed rustproof +6 Sunsword (weapon in hand, brilliantly lit) Armor h - a blessed greased fireproof +6 elven leather helm (being worn) g - a blessed fireproof +2 pair of leather gloves (being worn) v - an uncursed fireproof +5 pair of speed boots (being worn) r - an uncursed fireproof +3 small shield (being worn) q - an uncursed fireproof +3 robe (being worn) u - an uncursed +3 Hawaiian shirt with an orchid motif (being worn) d - an uncursed +4 gray dragon scale mail (being worn) Comestibles y - an uncursed apple n - an uncursed food ration V - an uncursed K-ration m - a blessed homemade tin of nurse meat x - a blessed homemade tin of troll meat i - an uncursed lizard corpse Scrolls J - 3 blessed scrolls of blank paper w - a blessed scroll of scare monster Spellbooks B - the uncursed Book of the Dead Rings R - a blessed ring of free action (on right hand) G - an uncursed ring of levitation K - an uncursed ring of regeneration (on left hand) L - an uncursed ring of slow digestion Wands C - an uncursed wand of cold (0:5) M - an uncursed wand of create monster (0:10) X - a blessed wand of death (4:1) T - an uncursed wand of digging (0:5) D - an uncursed wand of digging (0:3) Q - an uncursed wand of fire (0:5) F - an uncursed wand of fire (0:6) S - an uncursed wand of sleep (0:8) Tools f - a blessed greased bag of holding containing 103 items Z - an uncursed greased sack named CANCEL containing 3 items O - the uncursed Bell of Opening (0:2) I - the uncursed Candelabrum of Invocation (7 of 7 candles attached) P - an uncursed expensive camera (0:58) z - an uncursed leash N - an uncursed magic marker (1:42) o - a cursed magic whistle k - an uncursed skeleton key named SMOKY RA s - an uncursed stethoscope t - an uncursed towel named Need Stealth c - a blessed +0 unicorn horn Gems/Stones E - 5 cursed topaz stones l - an uncursed luckstone j - an uncursed touchstone Contents of the bag of holding: 11366 gold pieces an uncursed amulet of change an uncursed amulet of flying an uncursed amulet of life saving an uncursed amulet of reflection an uncursed amulet of unchanging an uncursed +6 silver saber an uncursed +0 pair of jumping boots an uncursed fireproof +0 pair of water walking boots an uncursed +0 cloak of magic resistance an uncursed +2 elven cloak an uncursed +1 mummy wrapping an uncursed +0 oilskin cloak 5 uncursed K-rations an uncursed lembas wafer 6 uncursed sprigs of wolfsbane an uncursed tripe ration a blessed homemade tin of Wizard of Yendor meat a blessed tin of chameleon meat a blessed tin of nurse meat 7 uncursed lizard corpses 4 uncursed lizard corpses 2 cursed scrolls of blank paper 3 uncursed scrolls of create monster 2 uncursed scrolls of fire 2 blessed scrolls of gold detection 3 uncursed scrolls of gold detection a blessed scroll of identify an uncursed scroll of identify an uncursed scroll of light a blessed spellbook of healing a blessed spellbook of identify a blessed spellbook of remove curse an uncursed potion of paralysis a blessed potion of speed 3 potions of holy water an uncursed potion of water 2 potions of unholy water an uncursed ring of conflict an uncursed ring of polymorph an uncursed ring of polymorph control an uncursed +3 ring of protection an uncursed ring of protection from shape changers an uncursed ring of slow digestion an uncursed ring of teleportation an uncursed wand of create monster (0:15) an uncursed wand of digging (0:8) an uncursed wand of digging (0:7) an uncursed wand of digging (0:7) an uncursed wand of digging (0:5) an uncursed wand of digging (0:5) an uncursed wand of digging (0:5) an uncursed wand of digging (0:5) an uncursed wand of digging (0:5) an uncursed wand of digging (0:5) an uncursed wand of digging (0:4) an uncursed wand of digging (0:4) an uncursed wand of digging (0:4) an uncursed wand of digging (2:4) an uncursed wand of digging (0:4) an uncursed wand of digging (0:2) an uncursed wand of digging (0:1) an uncursed wand of digging (0:1) an uncursed wand of light (0:13) an uncursed wand of magic missile (0:7) a blessed wand of polymorph (4:0) an uncursed wand of secret door detection (0:12) an uncursed wand of sleep (0:7) an uncursed wand of sleep (1:4) an uncursed wand of slow monster (0:4) an uncursed wand of speed monster (0:5) an uncursed wand of speed monster (0:4) an uncursed wand of striking (0:6) a blessed wand of undead turning (0:5) an uncursed wand of undead turning (0:7) an uncursed wand of wishing (1:0) an uncursed wooden flute an uncursed can of grease (1:5) an uncursed magic marker (1:5) an uncursed oil lamp an uncursed oil lamp 3 uncursed tallow candles an uncursed +0 unicorn horn 4 uncursed wax candles 6 uncursed agate stones 3 uncursed amethyst stones 3 uncursed aquamarine stones an uncursed black opal 9 uncursed chrysoberyl stones 12 uncursed citrine stones an uncursed diamond 3 uncursed emeralds 3 uncursed fluorite stones 2 uncursed garnet stones 2 uncursed jacinth stones 3 uncursed jade stones 4 uncursed jasper stones 5 uncursed jet stones 8 uncursed obsidian stones 6 uncursed opals 5 uncursed rubies 8 uncursed sapphires a blessed luckstone Contents of the sack named CANCEL: a blessed scroll of remove curse a potion of holy water an uncursed wand of cancellation (0:3) Spontiff the Healer's attributes: Background: You were a Medica ossium, a level 17 female gnomish Healer. You were neutral, on a mission for Hermes who was opposed by Athena (lawful) and Poseidon (chaotic). You started out male. You were in the endgame, on the Astral Plane. You entered the dungeon 55845 turns ago. You had 702412 experience points, 577588 more were needed to attain level 18. Your score was 1374134 before end-of-game adjustments. Basics: You had 34 out of 158 hit points. You had 23 out of 151 energy points (spell power). Your armor class was -40. Your wallet contained 2 zorkmids, and you had 11366 more stashed away in your pack. Autopickup was on for '$!/="?' plus thrown, with exceptions. Final Characteristics: Your strength was 18/50 (limit:18/50). Your dexterity was 18 (limit:18). Your constitution was 18 (limit:18). Your intelligence was 10 (limit:19). Your wisdom was 18 (limit:18). Your charisma was 18 (limit:18). Final Status: You were not hungry. You were unencumbered. You were wielding a long sword. You had basic skill with long sword. Final Attributes: You were the Envoy of Balance. You were piously aligned. You were magic-protected. You were fire resistant. You were cold resistant. You were sleep resistant. You were disintegration resistant. You were shock resistant. You were poison resistant. You saw invisible. You were telepathic. You were warned. You had infravision. You were invisible to others. You had teleport control. You regenerated. You had a moderate defense bonus (+9). You were guarded. You were very fast. You had reflection. You had free action. You were extremely lucky. You had extra luck. Bad luck did not time out for you. Good luck did not time out for you. You survived. Miscellaneous: You encountered 1 bones level. Total elapsed playing time was 22 hours, 35 minutes and 32 seconds. Major events: Turn 1: spontiff the neutral male gnomish Healer entered the dungeon 5505: entered the Gnomish Mines 6405: reached Mine Town 9895: the Oracle has been killed 9962: made his first wish - "blessed +2 gray dragon scale mail", got "a gray dragon scale mail" 10841: entered Sokoban 11277: completed 1st Sokoban level 11961: completed 2nd Sokoban level 12637: completed 3rd Sokoban level 18260: acquired the Mines' End luckstone 20844: entered the Bigroom 22476: completed 4th Sokoban level 22967: acquired the Sokoban bag of holding 23268: wished for "holy amulet of reflection", got "a hexagonal amulet" 24115: attained the rank of Empiric (level 3) 24654: attained the rank of Embalmer (level 6) 28379: attained the rank of Dresser (level 10) 33189: killed Medusa 36353: found Demonbane on the floor 36518: wished for "magic marker", got "a magic marker" 36974: entered Gehennom 37256: attained the rank of Medica ossium (level 14) 39008: killed the Cyclops 39009: found the Staff of Aesculapius on the floor 39010: acquired the Bell of Opening 39726: wished for "holy spellbook of cancellation", got "a wrinkled spellbook" 41152: became Hermes' Envoy of Balance 41152: was bestowed with Vorpal Blade 41314: wished for "marker", got "a magic marker" 41427: bribed Asmodeus with 460 zorkmids for safe passage 41629: wished for "holy wand of polymorph", got "a spiked wand" 43821: killed Juiblex 46932: bribed Baalzebub with 37 zorkmids for safe passage 47481: wished for "holy ring of free action", got "an iron ring" 47652: destroyed Vlad the Impaler 47655: found Sunsword on the floor 47656: acquired the Candelabrum of Invocation 50446: killed Orcus 53619: killed the Wizard of Yendor 53630: acquired the Book of the Dead 53642: performed the invocation 53921: killed the high priestess of Moloch 53922: acquired The Amulet of Yendor 54228: killed the Wizard of Yendor (2nd time) 55418: killed the Wizard of Yendor (3rd time) 55473: entered the Elemental Planes 55473: entered Plane of Earth 55517: entered Plane of Air 55576: entered Plane of Fire 55593: entered Plane of Water 55639: entered the Astral Plane 55650: killed Famine 55684: killed Famine (2nd time) 55691: found Frost Brand carried by a monster 55705: found Fire Brand carried by a monster 55710: killed Death 55801: killed Pestilence 55824: killed Pestilence (2nd time) 55838: killed Pestilence (3rd time) 55845: ascended Vanquished creatures: Orcus Juiblex the Wizard of Yendor (4 times) Death Pestilence (thrice) Famine (twice) Vlad the Impaler an arch-lich a high cleric a mastodon Medusa 10 krakens an Archon 2 iron golems the Cyclops 5 master liches a ki-rin 6 storm giants 4 balrogs a purple worm 2 gray dragons a gold dragon 7 silver dragons 4 red dragons 3 white dragons 10 orange dragons 7 black dragons 4 blue dragons 7 green dragons 5 yellow dragons 27 minotaurs a jabberwock 9 baluchitheria 3 Angels 8 demiliches a stone golem 2 master mind flayers 6 Olog-hai a Nazgul 3 pit fiends 5 sandestins 2 hell hounds 3 displacer beasts 4 titanotheres 6 trappers a baby yellow dragon 3 guardian nagas 4 genetic engineers a disenchanter 25 vampire leaders 5 skeletons the Oracle 18 aligned clerics 4 captains 6 shades 10 liches 2 clay golems 6 nurses 3 ice devils 4 nalfeshnees 5 lurkers above 2 Aleaxes a frost giant 3 ettins 6 black puddings 30 vampires 7 lieutenants a watch captain 42 ghosts 4 queen bees 4 winged gargoyles 3 mind flayers 15 giant mimics 9 long worms 7 zruties a fire giant 8 ogre tyrants 2 ice trolls a rock troll 6 umber hulks 2 flesh golems 11 elven monarchs 14 hezrous 9 bone devils 7 large mimics 3 wumpuses 3 fire vortices 2 couatls 11 stalkers 2 air elementals 5 fire elementals 2 water elementals a hill giant 3 giant mummies 4 black nagas 4 xorns 23 giant zombies 5 elf-nobles 10 sergeants a water demon 5 barbed devils 11 vrocks 2 salamanders 11 wargs a winter wolf 10 hell hound pups 14 small mimics 3 glass piercers 3 warhorses 7 steam vortices 15 xans 3 ettin mummies 5 ogre leaders 5 quantum mechanics 8 trolls 2 sasquatches 4 wood golems 2 erinyes 4 mariliths 8 sharks 8 electric eels 11 gelatinous cubes 2 pyrolisks 4 large dogs a freezing sphere 7 flaming spheres 6 shocking spheres 2 large cats 2 tigers a gargoyle 5 tengu 9 ochre jellies 11 leocrottas 3 energy vortices 2 mountain centaurs 2 elf mummies a human mummy 4 red nagas 4 green slimes 13 pythons 11 pit vipers 4 cobras 41 wraiths 11 carnivorous apes 15 ettin zombies 3 leather golems 3 Grey-elves 58 soldiers 4 watchmen 2 amorous demons 4 horned devils 10 chameleons 2 crocodiles 13 giant beetles 7 quivering blobs 11 cockatrices 15 wolves 5 winter wolf cubs 5 lynxes 10 panthers 4 gremlins 4 spotted jellies 9 leprechauns 3 orc-captains 3 iron piercers 3 mumakil 10 giant spiders 5 scorpions 3 horses an ice vortex 3 black lights 10 vampire bats 5 forest centaurs 4 gnome rulers 3 orc mummies 3 dwarf mummies an ogre 6 brown puddings 12 rust monsters 10 owlbears 8 yetis 4 gold golems 3 werewolves 18 Green-elves 4 piranha 31 giant eels 16 lizards 5 chickatrices 5 dingoes a dog 3 housecats 8 jaguars 5 blue jellies 3 white unicorns a gray unicorn 3 black unicorns 2 dust vortices 4 ravens 3 plains centaurs 6 gnome mummies 26 snakes 8 water moccasins 2 apes 22 human zombies 3 rope golems 10 Woodland-elves 16 soldier ants 14 fire ants 4 bugbears 4 imps 3 lemures 5 quasits 3 wood nymphs 4 water nymphs 5 mountain nymphs 3 Mordor orcs 3 orc shamans 12 rock piercers 9 rock moles 6 ponies 5 fog clouds 11 yellow lights 7 shriekers 6 violet fungi 7 gnome leaders a gnomish wizard 7 kobold mummies 2 black naga hatchlings 9 gray oozes 5 barrow wights 19 elf zombies 9 ghouls a straw golem 5 paper golems 4 jellyfish 43 giant ants 10 little dogs 13 floating eyes 4 kittens 20 dwarves 11 homunculi 2 kobold leaders 6 kobold shamans 8 hill orcs 18 rothes 23 rabid rats 2 centipedes 5 giant bats a monkey 15 orc zombies 22 dwarf zombies 5 wererats 4 werejackals 19 iguanas 126 killer bees 5 acid blobs 4 coyotes 5 gas spores 13 hobbits 13 manes 9 large kobolds 13 hobgoblins 84 giant rats 8 cave spiders 6 brown molds 7 yellow molds 8 green molds 5 red molds 26 gnomes 18 garter snakes 23 gnome zombies 27 geckos 60 jackals 9 foxes 6 kobolds 10 goblins 9 sewer rats 26 grid bugs 5 bats 34 lichens 21 kobold zombies 32 newts 2344 creatures vanquished. Extinct species: erinyes (extinct) killer bees (extinct) 2 species extinct. Voluntary challenges: You read items or engraved 246 times. You never engraved Elbereth. You never genocided any monsters. You used 7 wishes. You did not wish for any artifacts. You did not violate any of the special Sokoban rules. Achievements: You entered a shop. You entered the Gnomish Mines. You entered Minetown. You entered a temple. You entered Sokoban. You completed the Gnomish Mines. You entered the Big Room. You completed Sokoban. You attained the rank of Empiric. You attained the rank of Embalmer. You attained the rank of Dresser. You learned the tune to open and close the Castle's drawbridge. You defeated Medusa. You entered Gehennom. You attained the rank of Medica ossium. You had the Bell of Opening. You had the Candelabrum of Invocation. You had the Book of the Dead. You gained access to Moloch's Sanctum. You reached the Elemental Planes. You reached the Astral Plane. You delivered the Amulet of Yendor. You ascended! The Elemental Planes: Astral Plane: <- You are here. Many temples. Plane of Water: Plane of Fire: Plane of Air: Plane of Earth: The Dungeons of Doom: levels 1 to 25 Level 1: One way stairs up to The Elemental Planes. Level 2: An armor shop. Stairs down to The Gnomish Mines. Level 3: Level 4: "Stash" An altar to Hermes, a grave. Final resting place for Zinspire-Pri-Elf-Fem-Cha, killed by a rothe, Zinspire-Pri-Elf-Fem-Cha, killed by a hallucinogen-distorted rothe, Merlek-Val-Hum-Fem-Law, killed by a kitten. Level 5: A delicatessen, a sink. Level 6: Level 7: Oracle of Delphi. Level 8: A sink. Stairs up to Sokoban, level 7. Level 9: "Pools" A temple. Level 10: A very big room. Level 11: Level 12: Level 13: Level 14: "Polytrap" A general store, an altar, a sink. Portal to The Quest. Level 15: A sink. Level 16: An altar to Hermes. Level 17: Level 18: A primitive area. Level 19: A fountain. Level 20: Level 21: A sink, a grave. Level 22: Some fountains, many trees. Level 23: Level 24: Level 25: A fountain. The castle. Connection to Gehennom. Gehennom: levels 26 to 48 Level 26: "Book stash" A temple, many graves. Valley of the Dead. Level 27: Level 28: Level 29: Level 30: Level 31: Level 32: Level 33: Level 34: Level 35: Stairs up to Vlad's Tower, level 34. Level 36: Level 37: Some shops, an altar, some graves. Level 38: Level 39: "Wiztower Top; no obj det yet" Level 40: Level 41: "Candelabrum here (outside wiztower)" Level 42: Level 43: "Wiztower Portal" Level 44: "levelporter here" A temple. Level 45: Level 46: Level 47: Level 48: A temple, many graves. Moloch's Sanctum. The Gnomish Mines: levels 3 to 10 Level 3: Level 4: Level 5: "magic trap" Level 6: Many shops, a temple. Level 7: "magic trap" Level 8: Level 9: Level 10: "magic trap" The Quest: levels 1 to 5 Level 1: An altar to Hermes. Completed quest for Hippocrates. Level 2: Level 3: A temple. Level 4: Level 5: Sokoban: levels 7 up to 4 Level 4: Solved. Level 5: Solved. Level 6: Solved. Level 7: Solved. Vlad's Tower: levels 34 up to 32 Level 32: Level 33: Level 34: Goodbye spontiff the Demigoddess... You went to your reward with 2929868 points, Sunsword (worth 1500 zorkmids and 3750 points) The Staff of Aesculapius (worth 5000 zorkmids and 12500 points) The Book of the Dead (worth 10000 zorkmids and 25000 points) The Candelabrum of Invocation (worth 5000 zorkmids and 12500 points) The Bell of Opening (worth 5000 zorkmids and 12500 points) 12 citrine stones (worth 18000 zorkmids), 9 chrysoberyl stones (worth 6300 zorkmids), 8 sapphires (worth 24000 zorkmids), 8 obsidian stones (worth 1600 zorkmids), 6 opals (worth 4800 zorkmids), 6 agate stones (worth 1200 zorkmids), 5 rubies (worth 17500 zorkmids), 5 topaz stones (worth 4500 zorkmids), 5 jet stones (worth 4250 zorkmids), 4 jasper stones (worth 2000 zorkmids), 3 emeralds (worth 7500 zorkmids), 3 aquamarine stones (worth 4500 zorkmids), 3 amethyst stones (worth 1800 zorkmids), 3 fluorite stones (worth 1200 zorkmids), 3 jade stones (worth 900 zorkmids), 2 jacinth stones (worth 6500 zorkmids), 2 garnet stones (worth 1400 zorkmids), 1 diamond (worth 4000 zorkmids), 1 black opal (worth 2500 zorkmids), 2 amulets of reflection (worth 300 zorkmids), 1 amulet of life saving (worth 150 zorkmids), 1 amulet of change (worth 150 zorkmids), 1 amulet of unchanging (worth 150 zorkmids), 1 amulet of flying (worth 150 zorkmids), and 11368 pieces of gold, after 55845 moves. You were level 17 with a maximum of 158 hit points when you ascended.